 Dungeon Sprint DCSS version 0.21-a0-434-g806c6c2 (webtiles) character file.

8612 theanonym the Warrior (level 11, -1/117 HPs)
             Began as a Minotaur Fighter on Nov 8, 2017.
             Was a High Priest of the Shining One.
             Killed from afar by a lindwurm (27 damage)
             ... with a blast of flame
             ... in the Dungeon (Sprint IX: "|||||||||||||||||||||||||||||").
             The game lasted 00:06:57 (1157 turns).

theanonym the Warrior (Minotaur Fighter)            Turns: 1157, Time: 00:06:57

Health: -1/117     AC: 25    Str: 24    XL:     11   Next: 12%
Magic:  16/16      EV: 18    Int:  5    God:    the Shining One [*****.]
Gold:   20         SH: 23    Dex: 18    Spells: 10/10 levels left

rFire    . . .     SeeInvis .   t - +2 morningstar (protect)
rCold    . . .     Gourm    .   c - +0 shield
rNeg     + + .     Faith    .   a - +0 plate armour
rPois    .         Spirit   .   (helmet restricted)
rElec    .         Reflect  .   o - +0 cloak
rCorr    .         Harm     .   (no gloves)
MR       .....     NoTele   +   (no boots)
Stlth    ..........             (no amulet)
HPRegen  0.29/turn              r - +3 ring of dexterity
MPRegen  0.15/turn              s - +2 ring of protection

@: agile, divine shield, protection aura, glowing
A: retaliatory headbutt, horns 2
a: Divine Shield, Cleansing Flame, Summon Divine Warrior, Renounce Religion


Innate Abilities, Weirdness & Mutations

You reflexively headbutt those who attack you in melee.
You have a pair of horns on your head.


   Skills:
 + Level 17.1 Fighting
 - Level 16.8 Maces & Flails
 + Level 10.7 Armour
 + Level 10.5 Dodging
 + Level 11.1 Shields
 + Level 8.7 Invocations


You had 10 spell levels left.
You didn't know any spells.

Skill      XL: |  1  2  3  4  5  6  7  8  9 10 11 |
---------------+----------------------------------+-----
Maces & Flails | 7 10 13 15 16 | 16.8
Fighting       | 7 8 12 13 14 15 16 17 | 17.1
Armour         | 6 7 10 | 10.7
Dodging        | 4 6 10 | 10.5
Shields        | 6 7 10 11 | 11.1
Invocations    | 8 |  8.7

Action                   |  1- 3 |  4- 6 |  7- 9 | 10-12 || total
-------------------------+-------+-------+-------+-------++-------
Melee: Flail             |    18 |     3 |       |       ||    21
       Headbutt          |     3 |     6 |     9 |    19 ||    37
       Morningstar       |       |    11 |    40 |    84 ||   135
Invok: Divine Shield     |       |       |     2 |     2 ||     4
  Use: Potion            |     1 |     1 |     1 |     2 ||     5
  Eat: Bread ration      |       |       |     1 |       ||     1
Armor: Scale mail        |     9 |       |       |       ||     9
       Plate armour      |       |     3 |    22 |    25 ||    50
Dodge: Dodged            |     5 |     1 |     8 |    12 ||    26
Block: Shield            |     7 |     4 |    12 |    64 ||    87

Inventory:

Hand Weapons
 t - a +2 morningstar of protection (weapon)
   (You found it in the Dungeon)
Armour
 a - a +0 plate armour (worn)
   (You found it in the Dungeon)
 c - a +0 shield (worn)
 o - a +0 cloak (worn)
   (You found it in the Dungeon)
Jewellery
 r - a +3 ring of dexterity (left hand)
   (You found it in the Dungeon)
 s - a +2 ring of protection (right hand)
   (You found it in the Dungeon)
Wands
 n - a wand of iceblast (7/15)
   (You found it in the Dungeon)
Scrolls
 b - 3 scrolls of blinking
 g - 3 scrolls of remove curse
 j - 3 scrolls of fear {!r}
 l - 2 scrolls of amnesia
 p - a scroll of recharging
Potions
 d - 2 potions of brilliance
 e - 5 potions of curing
 h - 2 potions of haste
 i - 4 potions of magic
 q - 5 potions of heal wounds

Dungeon Overview and Level Annotations

Branches:
Dungeon (1/1)

Altars:
Cheibriados
Dithmenos
Elyvilon
Fedhas
Gozag
Hepliaklqana
Kikubaaqudgha
Makhleb
Nemelex Xobeh
Okawaru
Qazlal
Ru
Sif Muna
Trog
Uskayaw
Vehumet
Wu Jian
Xom
Yredelemnul
Zin
The Shining One
Beogh
Jiyva
Lugonu You were in the Dungeon. You worshipped the Shining One.
The Shining One was extremely pleased with you. You were not hungry. You visited 1 branch You collected 20 gold pieces.


Message History

You take 7 damage, and have 84/116 hp.
The lindwurm bites you but does no damage.
You block the lindwurm's attack. x2
There is an open door to Lair:6, spattered with blood here.
You see here a worm corpse.
Okay, then.
You hit the lindwurm. You headbutt the lindwurm!
The lindwurm breathes flames at you. The blast of flame hits you!
You take 6 damage, and have 78/116 hp.
You are too injured to fight recklessly!
You are too injured to fight recklessly!
You are too injured to fight recklessly!
You are too injured to fight recklessly!
You are too injured to fight recklessly!
You puncture the lindwurm! You headbutt the lindwurm.
Your plate armour prevents you from hitting the lindwurm.
You block the lindwurm's attack. The lindwurm claws you.
You block the lindwurm's attack.
You take 5 damage, and have 73/116 hp.
You bludgeon the lindwurm!!
You kill the lindwurm!
Your Fighting skill increases to level 17!
Your Shields skill increases to level 11!
A worm comes into view.
You hit the tyrant leech. You block the tyrant leech's attack.
You puncture the tyrant leech! Your headbutt misses the tyrant leech.
You puncture the tyrant leech! You block the tyrant leech's attack.
You hit the tyrant leech. You closely miss the tyrant leech.
You block the tyrant leech's attack.
You completely miss the tyrant leech. You sock the tyrant leech!
You block the tyrant leech's attack.
You barely miss the tyrant leech. You block the tyrant leech's attack.
You impale the tyrant leech!!
You kill the tyrant leech!
The Shining One accepts your kill.
You feel better.
You feel your power returning.
You regained 2 hp, and now have 77/117 hp.
MP restored: 16 The worm bites you.
You see here a tyrant leech corpse.
You take 1 damage, and have 76/117 hp.
You puncture the worm! You sock the worm!
You kill the worm!
You block the worm's attack.
Found 9 gold pieces.
You see here a worm corpse.
You bludgeon the worm!! You headbutt the worm.
You kill the worm!
Found 15 gold pieces.
You see here a worm corpse.
A lindwurm comes into view.
The lindwurm roars!
Found a meat ration.
You see here a worm corpse.
You see here a worm corpse.
The lindwurm breathes flames at you. The blast of flame hits you!
* * * LOW HITPOINT WARNING * * *
You see here a worm corpse.
You take 21 damage, and have 57/117 hp.
The lindwurm breathes flames at you. The blast of flame hits you!
* * * LOW HITPOINT WARNING * * *
Found a scroll of recharging.
You take 24 damage, and have 33/117 hp.
MASSIVE DAMAGE!!
The lindwurm bites you.
* * * LOW HITPOINT WARNING * * *
You block the lindwurm's attack. The lindwurm claws you.
* * * LOW HITPOINT WARNING * * *
You take 6 damage, and have 27/117 hp.
You sock the lindwurm!
Your weapon exudes an aura of protection.
You block the lindwurm's attack. x3
Okay, then.
You fail to use your ability.
The lindwurm breathes flames at you. The blast of flame hits you!
* * * LOW HITPOINT WARNING * * *
You take 22 damage, and have 5/117 hp.
You feel much better.
The lindwurm bites you but does no damage.
You block the lindwurm's attack. x2
You regained 20 hp, and now have 25/117 hp.
You feel agile all of a sudden. You block the lindwurm's attack.
The lindwurm barely misses you. The lindwurm closely misses you.
You hit the lindwurm but do no damage.
Your weapon exudes an aura of protection.
You headbutt the lindwurm! You block the lindwurm's attack. x3
You bludgeon the lindwurm!! You headbutt the lindwurm.
You block the lindwurm's attack.
The lindwurm claws you but does no damage.
You block the lindwurm's attack.
You hit the lindwurm but do no damage. You headbutt the lindwurm.
You sock the lindwurm! The lindwurm breathes flames at you.
The blast of flame hits you!
You die...

▓.▓.▓
▓+▓.▓.▓
▓?▓.▓.▓
▓%▓.▓.▓
▓$▓.▓)▓
▓$▓.▓.▓
▓.▓.▓.▓
▓k▓.▓.▓
▓@▓.▓.▓
▓.▓.▓.▓
▓.▓.▓[▓
▓†▓.▓.▓
▓†▓.▓.▓
▓†▓.▓!▓
▓†▓.▓'▓
▓|▓.▓_▓
▓.▓.▓_▓


You could see a lindwurm.

Notes
Turn   | Place    | Note
-------+----------+-------------------------------------------
     0 | D        | theanonym the Minotaur Fighter began the quest for the Orb.
     0 | D        | Reached XP level 1. HP: 19/19 MP: 0/0
     4 | D        | Reached skill level 3 in Maces & Flails
    12 | D        | Reached skill level 4 in Maces & Flails
    31 | D        | DEFE: Ты сегодня спринтер?
    32 | D        | Noticed an iguana
    32 | D        | Noticed a howler monkey
    32 | D        | Noticed a jelly
    32 | D        | Noticed an iguana
    35 | D        | Killed an iguana
    35 | D        | Reached skill level 7 in Maces & Flails
    35 | D        | Reached XP level 2. HP: 25/26 MP: 1/1
    35 | D        | Reached XP level 3. HP: 29/31 MP: 2/2
    36 | D        | Reached skill level 9 in Maces & Flails
    39 | D        | Reached skill level 10 in Maces & Flails
    39 | D        | Reached XP level 4. HP: 31/39 MP: 3/3
    42 | D        | Reached skill level 11 in Maces & Flails
    95 | D        | Found a roughly hewn altar of Beogh.
    95 | D        | Found a snail-covered altar of Cheibriados.
    95 | D        | Found a shadowy altar of Dithmenos.
    95 | D        | Found a white marble altar of Elyvilon.
    95 | D        | Found a blossoming altar of Fedhas.
    95 | D        | Found an opulent altar of Gozag.
    96 | D        | Found a hazy altar of Hepliaklqana.
    97 | D        | Found a viscous altar of Jiyva.
    98 | D        | Found an ancient bone altar of Kikubaaqudgha.
    99 | D        | Found a corrupted altar of Lugonu.
   100 | D        | Found a burning altar of Makhleb.
   101 | D        | Found a sparkling altar of Nemelex Xobeh.
   102 | D        | Found an iron altar of Okawaru.
   103 | D        | Found a stormy altar of Qazlal.
   104 | D        | Found a sacrificial altar of Ru.
   105 | D        | Found a deep blue altar of Sif Muna.
   106 | D        | Found a bloodstained altar of Trog.
   107 | D        | Found a hide-covered altar of Uskayaw.
   108 | D        | DEFE: TSO
   108 | D        | DEFE: бери
   108 | D        | theanonym: Зачем?
   108 | D        | DEFE: увидишь
   108 | D        | theanonym: Там вроде не демоны одни
   108 | D        | Found a radiant altar of Vehumet.
   109 | D        | Found an ornate altar of the Wu Jian Council.
   110 | D        | Found a shimmering altar of Xom.
   111 | D        | Found a basalt altar of Yredelemnul.
   112 | D        | Found a glowing silver altar of Zin.
   113 | D        | Found a glowing golden altar of the Shining One.
   121 | D        | Became a worshipper of the Shining One
   122 | D        | DEFE: у ТСО щит, ангелы и рН+++
   122 | D        | DEFE: а еще си инв
   140 | D        | DEFE: и +5 к точности
   175 | D        | Noticed a two-headed ogre
   175 | D        | Reached * piety under the Shining One
   175 | D        | Noticed a yak
   180 | D        | Killed a yak
   180 | D        | Reached skill level 7 in Fighting
   180 | D        | Reached skill level 13 in Maces & Flails
   180 | D        | DEFE: щит
   180 | D        | Reached XP level 5. HP: 38/52 MP: 4/4
   182 | D        | Reached skill level 8 in Fighting
   182 | D        | Reached XP level 6. HP: 46/62 MP: 5/5
   184 | D        | HP: 24/62 [two-headed ogre/giant club (11)]
   186 | D        | DEFE: у тебя палка
   187 | D        | Killed a two-headed ogre
   187 | D        | Reached skill level 12 in Fighting
   187 | D        | Reached skill level 15 in Maces & Flails
   187 | D        | ololoev: лол я тут в группу в вк зашел
   187 | D        | Reached XP level 7. HP: 41/78 MP: 6/6
   189 | D        | Noticed an unseen horror
   189 | D        | HP: 40/117 [unseen horror (2)]
   190 | D        | Killed an unseen horror
   190 | D        | Reached skill level 13 in Fighting
   190 | D        | Reached skill level 16 in Maces & Flails
   190 | D        | DEFE: должна быть
   190 | D        | Reached XP level 8. HP: 45/88 MP: 7/7
   192 | D        | Reached ** piety under the Shining One
   421 | D        | ololoev: там чел рассказывал как он в снейке сдох
   421 | D        | Noticed a two-headed ogre
   421 | D        | Noticed a centaur warrior
   421 | D        | Noticed a queen bee
   421 | D        | Reached *** piety under the Shining One
   421 | D        | Noticed a two-headed ogre
   421 | D        | Noticed a black mamba
   421 | D        | a queen bee changed into a black mamba
   422 | D        | ololoev: у него там были личи и святые свиньи
   422 | D        | Noticed a spiny frog
   422 | D        | a black mamba changed into a spiny frog
   425 | D        | a spiny frog changed into a golden eye
   426 | D        | HP: 32/88 [two-headed ogre/giant spiked club (21)]
   428 | D        | Killed a two-headed ogre
   428 | D        | Reached skill level 14 in Fighting
   428 | D        | Reached skill level 6 in Armour
   428 | D        | Reached skill level 4 in Dodging
   428 | D        | Reached skill level 6 in Shields
   428 | D        | Reached XP level 9. HP: 35/96 MP: 8/8
   431 | D        | Reached skill level 3 in Invocations
   431 | D        | HP: 25/96 [centaur warrior/arrow (11)]
   438 | D        | HP: 26/96 [centaur warrior (1)]
   446 | D        | Killed a centaur warrior
   446 | D        | Reached skill level 8 in Invocations
   446 | D        | ololoev: у него 24-25 лвл был, но он все равно смог умереть
   449 | D        | HP: 44/96 [two-headed ogre/giant club (12)]
   453 | D        | Killed a two-headed ogre
   453 | D        | Reached skill level 7 in Armour
   453 | D        | Reached skill level 5 in Dodging
   453 | D        | Reached skill level 7 in Shields
   785 | D        | Noticed a six-headed hydra
   785 | D        | Noticed a six-headed hydra
   785 | D        | Reached **** piety under the Shining One
   794 | D        | Reached skill level 15 in Fighting
   794 | D        | Reached skill level 6 in Dodging
   794 | D        | Reached XP level 10. HP: 101/105 MP: 11/15
   801 | D        | Reached skill level 8 in Armour
   801 | D        | Reached skill level 8 in Shields
   806 | D        | Killed a six-headed hydra
   806 | D        | Reached skill level 7 in Dodging
   808 | D        | Killed a six-headed hydra
   808 | D        | Reached skill level 9 in Armour
   808 | D        | Reached skill level 9 in Shields
   815 | D        | Reached skill level 8 in Dodging
   831 | D        | Noticed a spiny frog
   831 | D        | Reached ***** piety under the Shining One
   834 | D        | Reached skill level 16 in Fighting
   834 | D        | Reached skill level 10 in Armour
   834 | D        | Reached skill level 10 in Shields
   849 | D        | Killed a spiny frog
   849 | D        | Reached skill level 9 in Dodging
   858 | D        | HP: 54/108 [basilisk (3)]
   866 | D        | HP: 51/108 [poisoned by a spiny frog]
   867 | D        | Reached skill level 10 in Dodging
   872 | D        | HP: 49/108 [poisoned by a spiny frog]
   879 | D        | HP: 48/108 [poisoned by a spiny frog]
   886 | D        | HP: 48/108 [poisoned by a spiny frog]
   894 | D        | HP: 48/108 [poisoned by a spiny frog]
  1107 | D        | DEFE: я не понял
  1107 | D        | DEFE: откуда личи
  1107 | D        | DEFE: в снейках
  1109 | D        | Noticed a lindwurm
  1109 | D        | Noticed a lindwurm
  1109 | D        | Noticed a lindwurm
  1110 | D        | DEFE: инво
  1114 | D        | Killed a lindwurm
  1119 | D        | Killed a lindwurm
  1119 | D        | DEFE: лучше
  1119 | D        | Reached XP level 11. HP: 91/116 MP: 12/16
  1120 | D        | DEFE: вклюси
  1121 | D        | ololoev: я тоже не понял, но поржал
  1124 | D        | ololoev: еще одного дебила там унижал меннас
  1127 | D        | Killed a lindwurm
  1127 | D        | Reached skill level 17 in Fighting
  1127 | D        | Reached skill level 11 in Shields
  1143 | D        | Noticed a lindwurm
  1146 | D        | HP: 57/117 [lindwurm/blast of flame (21)]
  1149 | D        | HP: 27/117 [lindwurm (3)]
  1150 | D        | ololoev: тот играя котом под хастой и свифтнессом не мог от него убежать
  1151 | D        | DEFE: ну меннасбыстрый
  1151 | D        | HP: 5/117 [lindwurm/blast of flame (22)]
  1155 | D        | ololoev: выключить статую у него ума не хватило
  1157 | D        | Killed from afar by a lindwurm

Vanquished Creatures
  2 hydras (D)
  A centaur warrior (D)
  3 two-headed ogres (D)
  An unseen horror (D)
  3 lindwurms (D)
  A spiny frog (D)
  A hornet (D)
  A tyrant leech (D)
  A dream sheep (D)
  3 hippogriffs (D)
  A basilisk (D)
  A yak (D)
  A golden eye (shapeshifter) (D)
  A hungry ghost (D)
  A porcupine (D)
  4 water moccasins (D)
  2 crocodiles (D)
  A bullfrog (D)
  A killer bee (D)
  A howler monkey (D)
  A jelly (D)
  An orc wizard (D)
  2 iguanas (D)
  A hell rat (D)
  A worker ant (D)
  A shadow imp (D)
  3 worms (D)
  A bat zombie (D)
  A goblin (D)
  3 bats (D)
  A frilled lizard (D)
47 creatures vanquished.
